 Dungeon Crawl Stone Soup version 0.25.1-11-g244df3a29b (webtiles) character file.

Game seed: 14101901721028586047

20136 DeepDeath the Basher (level 12, 0/76 HPs)
             Began as a Gargoyle Abyssal Knight on Jan 20, 2024.
             Was a High Priest of Lugonu.
             Slain by a komodo dragon (19 damage)
             ... on level 4 of the Lair of Beasts.
             The game lasted 00:50:45 (13902 turns).

DeepDeath the Basher (Gargoyle Abyssal Knight)     Turns: 13902, Time: 00:50:45

Health: 0/76       AC: 32    Str: 21    XL:     12   Next: 76%
Magic:  16/16      EV: 12    Int: 13    God:    Lugonu [*****.]
Gold:   24         SH:  0    Dex:  9    Spells: 11/11 levels left

rFire    + . .     SeeInvis .   w - +3 mace (protect)
rCold    . . .     Gourm    .   (no shield)
rNeg     + . .     Faith    .   g - +1 ring mail {MR+}
rPois    ∞         Spirit   .   m - +2 hat
rElec    +         Reflect  .   F - +2 cloak {rCorr}
rCorr    +         Harm     .   R - +2 pair of gloves {archery}
MR       +....                  (no boots)
Stlth    +.........             q - amulet of the acrobat
HPRegen  0.22/turn              W - ring of protection from fire
MPRegen  0.15/turn              (no ring)

@: protection aura
A: negative energy resistance 1, electricity resistance, unbreathing,
petrification resistance, rot immunity, AC +8
a: Depart the Abyss, Bend Space, Banish, Corrupt, Enter the Abyss, Renounce
Religion


You were on level 4 of the Lair of Beasts.
You worshipped Lugonu.
Lugonu was extremely pleased with you.
You were not hungry.

You visited 2 branches of the dungeon, and saw 14 of its levels.
You visited the Abyss 1 time.

You collected 808 gold pieces.
You spent 784 gold pieces at shops.

Inventory:

Hand Weapons
 s - a +4 flail
 w - a +3 mace of protection (weapon)
 x - a +0 hunting sling
 C - a +4 hand axe
 S - a +3 battleaxe
Missiles
 n - 72 sling bullets
 B - 17 boomerangs
 D - 17 poisoned darts (quivered)
 N - 2 throwing nets
 O - 125 arrows
 U - 2 javelins
 V - 24 bolts
Armour
 g - a +1 ring mail of magic resistance (worn)
 m - a +2 hat (worn)
 v - a cursed +0 buckler
 F - a +2 cloak of preservation (worn)
 R - a +2 pair of gloves of archery (worn)
Magical Staves
 Q - an uncursed staff of energy
Jewellery
 q - an amulet of the acrobat (around neck)
 P - an uncursed ring of fire
 W - a ring of protection from fire (left hand)
Wands
 j - a wand of digging (9)
 k - a wand of flame (20)
 z - a wand of iceblast (10)
 H - a wand of acid (4)
 K - a wand of disintegration (11)
Scrolls
 a - 5 scrolls of remove curse
 e - 4 scrolls of magic mapping
 i - 2 scrolls of teleportation
 u - 2 scrolls of identify
 A - a scroll of fear
 E - 4 scrolls of enchant weapon
 T - a scroll of noise
Potions
 b - a potion of heal wounds
 c - 12 potions of curing
 d - a potion of mutation
 h - 3 potions of haste
 l - 2 potions of stabbing
 o - a potion of resistance
 p - 4 potions of flight
 r - 3 potions of lignification
 y - 2 potions of berserk rage
 G - a potion of ambrosia
 J - a potion of cancellation
 L - a potion of might
Miscellaneous
 t - a phantom mirror
Comestibles
 f - 23 rations


   Skills:
 + Level 9.2 Fighting
 + Level 14.0 Maces & Flails
 - Level 6.0 Throwing
 - Level 8.0 Armour
 - Level 4.0 Dodging
 - Level 2.0 Stealth
 + Level 2.7 Shields
 + Level 6.3 Invocations
 + Level 2.5 Evocations


You had 11 spell levels left.
You didn't know any spells.
Your spell library contained the following spells:

 Spells                   Type           Power        Failure   Level  Hunger
 Freeze                   Ice            #...         43%         1    ##.....
 Magic Dart               Conj           #...         43%         1    ##.....
 Summon Small Mammal      Summ           #...         43%         1    ##.....
 Blink                    Tloc           N/A          56%         2    ###....
 Call Imp                 Summ           #.......     56%         2    ###....
 Slow                     Hex            #.......     56%         2    ###....
 Call Canine Familiar     Summ           #.......     80%         3    ####...
 Confusing Touch          Hex            #.......     80%         3    ####...
 Conjure Flame            Conj/Fire      #.......     80%         3    ####...
 Frozen Ramparts          Ice            #.....       80%         3    ####...
 Gell's Gravitas          Tloc           #.........   80%         3    ####...
 Mephitic Cloud           Conj/Pois/Air  #.......     80%         3    ####...
 Ozocubu's Armour         Chrm/Ice       #.......     80%         3    ####...
 Summon Guardian Golem    Hex/Summ       #.......     80%         3    ####...
 Hailstorm                Conj/Ice       #.......     99%         4    #####..
 Petrify                  Tmut/Erth      #.......     99%         4    #####..
 Summon Ice Beast         Ice/Summ       #.......     99%         4    #####..
 Summon Lightning Spire   Summ/Air       #.......     99%         4    #####..
 Metabolic Englaciation   Hex/Ice        #.........   100%        5    ######.
 Yara's Violent Unravell  Hex/Tmut       #.........   100%        5    ######.


Dungeon Overview and Level Annotations

Branches:
Dungeon (10/15)            Temple (0/1) D:6            Lair (4/6) D:9
  Swamp (0/4) Lair:2        Snake (0/4) Lair:2
    Orc: D:9-12

Altars:
Ashenzari
Fedhas
Hepliaklqana
Nemelex Xobeh
Qazlal
Ru
Vehumet
Xom
The Shining One
Jiyva

Shops:
D:4 [   D:7 ?!?=   D:8 *

Annotations:
D:2 Grinder
D:5 2 runed translucent doors, 2bobheroes's ghost, novice OpAs
D:9 2 runed translucent doors, DeepDeath's ghost, novice GrAK
D:10 exclusion: 2 oklob plants
Lair:3 3 runed translucent doors, Yjeari's ghost, journeyman GrMo


Innate Abilities, Weirdness & Mutations

You are resistant to torment.
Your stone body is resilient. (AC +8)
You are immune to poison.
You resist negative energy. (rN+)
You are resistant to electric shocks. (rElec)
You can survive without breathing.
You are immune to petrification.
You are immune to rotting.


Message History

Unknown command.
Unknown command.
Unknown command.
Evoke which item? (* to show all) (? for menu, Esc to quit)
Aiming: Corrosive Bolt
Press: ? - help, Shift-Dir - straight line, f/p - komodo dragon
Aim: a komodo dragon (heavily wounded)
The bolt of acid hits the komodo dragon!
The komodo dragon is splashed with acid.
The acid corrodes the komodo dragon!
The komodo dragon is almost dead.
The bolt of acid hits the elephant!
The elephant is splashed with acid.
The elephant seems to be corroded for longer.
The elephant is severely wounded.
The bolt of acid hits the yak!
The yak is splashed with acid.
You kill the yak!
Lugonu accepts your kill.
You hear a loud, deep croak!
The komodo dragon bites you!!
You die...

≈.≈.≈≈≈.Y..P....(>.#P...#.....
≈../.l≈........#.......###....
≈≈≈.?≈≈...%(....##.#...####...
.≈≈[≈≈≈............###..####..
..≈≈≈......#.......# #.....P..
..≈........##YY....# ##.......
............YYY....##.#.......
...........##l#......##.......
...........##@#..#...###...#..
......P#.#######....P####.<.P
##...#### ##...## #...# ##.#.#
##### #####


You could see 3 elephants, a komodo dragon (corroded) and 2 yaks.

Vanquished Creatures
  A two-headed ogre (D:9)
  Maurice (D:8)
  2 black mambas
  An elephant (Lair:4)
  Psyche (D:8)
  7 spiny frogs
  A torpor snail (Lair:4)
  5 komodo dragons
  A rime drake (Lair:2)
  A hornet (D:9)
  3 hippogriffs
  5 blink frogs (Lair:1)
  A spriggan (D:9)
  22 yaks
  A wyvern (Lair:4)
  A steam dragon (D:10)
  4 basilisks (Lair:2)
  2 hungry ghosts (D:10)
  6 porcupines
  8 water moccasins
  5 orc warriors
  A black bear (D:7)
  A necrophage (D:9)
  2 eyes of draining (D:10)
  3 ice beasts
  2 sky beasts
  2 phantoms
  A centaur (D:10)
  12 wolves
  5 ogres
  4 crocodiles
  Blork the orc (D:6)
  4 big kobolds
  12 bullfrogs
  A wyvern zombie (D:7)
  A wyvern skeleton (D:10)
  5 scorpions
  6 killer bees (D:9)
  6 wights (D:10)
  A howler monkey (D:10)
  2 electric eels (Lair:4)
  4 crimson imps
  A centaur zombie (D:9)
  3 hounds
  7 orc wizards
  A centaur skeleton (D:4)
  2 orc priests
  Natasha (thrice) (D:3)
  Terence (D:3)
  4 iguanas
  9 worker ants
  10 gnolls
  5 adders
  5 shadow imps
  An ooze (D:1)
  An adder zombie (D:9)
  2 adder skeletons
  A worm (D:4)
  6 leopard geckos
  33 orcs
  2 ball pythons
  6 giant cockroaches
  4 goblins
  6 hobgoblins
  2 jackals (D:10)
  27 kobolds
  7 quokkas
  9 bats
  3 frilled lizards
  A quokka zombie (D:5)
  7 rats
324 creatures vanquished.

Vanquished Creatures (others)
  3 fungi
  A plant (Lair:1)
4 creatures vanquished.

Grand Total: 328 creatures vanquished

Notes
Turn   | Place    | Note
-------+----------+-------------------------------------------
     0 | Abyss:1  | DeepDeath the Gargoyle Abyssal Knight began the quest for
                  | the Orb.
     0 | Abyss:1  | Reached XP level 1. HP: 14/14 MP: 2/2
    82 | Abyss:1  | Noticed a starcursed mass
    98 | D:1      | Escaped the Abyss
   320 | D:1      | Reached XP level 2. HP: 16/19 MP: 3/3
   367 | D:1      | Reached skill level 3 in Maces & Flails
   707 | D:1      | Reached * piety under Lugonu
   756 | D:1      | Reached XP level 3. HP: 22/23 MP: 4/4
  1024 | D:2      | You fall into a shaft and drop 2 floors!
  1063 | D:4      | Reached skill level 4 in Maces & Flails
  1164 | D:4      | Reached XP level 4. HP: 16/28 MP: 5/5
  1313 | D:4      | Noticed a bullfrog
  1343 | D:4      | Reached skill level 5 in Maces & Flails
  1343 | D:4      | Reached XP level 5. HP: 25/32 MP: 6/6
  1355 | D:4      | Noticed an ogre
  1712 | D:4      | Reached skill level 6 in Maces & Flails
  1719 | D:4      | Reached XP level 6. HP: 33/37 MP: 7/7
  1732 | D:4      | Found a shattered altar of Ashenzari.
  1798 | D:4      | Found Mautuz's Antique Armour Emporium.
  1902 | D:3      | Noticed Natasha
  1918 | D:3      | Killed Natasha
  2562 | D:3      | Noticed Grinder
  2585 | D:3      | Paralysed by Grinder for 3 turns
  2588 | D:3      | Noticed Natasha
  2732 | D:3      | Noticed Terence
  2741 | D:3      | Reached ** piety under Lugonu
  2751 | D:3      | Killed Terence
  2751 | D:3      | Reached skill level 7 in Maces & Flails
  2918 | D:3      | Killed Natasha
  2955 | D:3      | Noticed Natasha
  2966 | D:3      | Killed Natasha
  3213 | D:3      | Reached XP level 7. HP: 41/41 MP: 8/8
  3379 | D:4      | Bought a pair of glowing gloves for 210 gold pieces
  3456 | D:5      | Entered Level 5 of the Dungeon
  3583 | D:5      | Found a blossoming altar of Fedhas.
  3606 | D:5      | Reached skill level 8 in Maces & Flails
  3869 | D:5      | Reached skill level 1 in Dodging
  4174 | D:5      | Reached XP level 8. HP: 28/48 MP: 8/10
  4475 | D:5      | Found a large runed translucent door.
  4476 | D:5      | Found a large runed translucent door.
  4477 | D:5      | Noticed 2bobheroes's ghost (novice OpAs)
  4626 | D:6      | Reached *** piety under Lugonu
  4787 | D:6      | Found a staircase to the Ecumenical Temple.
  4809 | D:6      | Noticed Blork the orc
  4817 | D:6      | Killed Blork the orc
  5020 | D:6      | Found a sparkling altar of Nemelex Xobeh.
  5021 | D:6      | Found a radiant altar of Vehumet.
  5240 | D:7      | Reached skill level 9 in Maces & Flails
  5297 | D:7      | Found Cymneoc's Distillery.
  5302 | D:7      | Bought a potion of ambrosia for 128 gold pieces
  5575 | D:7      | Found Ycean's Jewellery Shop.
  5588 | D:7      | Reached skill level 5 in Fighting
  5588 | D:7      | Reached XP level 9. HP: 48/54 MP: 12/12
  5625 | D:7      | Found Qeamut's Magic Scroll Shop.
  5639 | D:7      | Reached skill level 1 in Throwing
  5881 | D:7      | Found Aplias's Magic Scroll Boutique.
  6075 | D:8      | Noticed Psyche
  6156 | D:8      | Noticed Maurice
  6183 | D:8      | Killed Maurice
  6183 | D:8      | Reached skill level 10 in Maces & Flails
  6183 | D:8      | Reached skill level 5 in Armour
  6432 | D:8      | Killed Psyche
  6432 | D:8      | Reached skill level 1 in Evocations
  6551 | D:8      | Found Ycwiomi's General Store.
  6559 | D:8      | Bought a scroll of identify for 22 gold pieces
  6559 | D:8      | Bought a scroll of identify for 22 gold pieces
  6717 | D:8      | Found a glowing golden altar of the Shining One.
  6830 | D:8      | Found a sacrificial altar of Ru.
  6871 | D:9      | Noticed a hornet
  6895 | D:9      | Killed a hornet
  6895 | D:9      | Reached XP level 10. HP: 45/60 MP: 13/13
  6961 | D:9      | Found a stormy altar of Qazlal.
  7013 | D:9      | Found a large runed translucent door.
  7013 | D:9      | Found a large runed translucent door.
  7014 | D:9      | Noticed DeepDeath's ghost (novice GrAK)
  7040 | D:9      | Found a shimmering altar of Xom.
  7046 | D:9      | Reached **** piety under Lugonu
  7133 | D:9      | Found a staircase to the Lair.
  7137 | D:9      | Noticed a two-headed ogre
  7151 | D:9      | Killed a two-headed ogre
  7274 | D:9      | Reached skill level 11 in Maces & Flails
  7452 | D:9      | Found a hazy altar of Hepliaklqana.
  7928 | D:10     | Entered Level 10 of the Dungeon
  8352 | D:10     | Reached skill level 12 in Maces & Flails
  8716 | D:10     | Reached XP level 11. HP: 66/67 MP: 14/14
  8894 | D:10     | Reached ***** piety under Lugonu
  9255 | D:10     | Found a blossoming altar of Fedhas.
  9257 | D:10     | Noticed an oklob plant
  9257 | D:10     | Noticed an oklob plant
  9474 | D:7      | Bought a scroll of identify for 24 gold pieces
  9474 | D:7      | Bought a scroll of identify for 24 gold pieces
  9474 | D:7      | Bought a scroll of identify for 24 gold pieces
  9516 | D:7      | Bought a potion of heal wounds for 80 gold pieces
  9664 | Lair:1   | Entered Level 1 of the Lair of Beasts
  9862 | Lair:1   | Reached skill level 5 in Invocations
 10804 | Lair:1   | Reached skill level 13 in Maces & Flails
 11098 | Lair:1   | Reached XP level 12. HP: 68/75 MP: 16/16
 11417 | Lair:2   | Reached skill level 1 in Stealth
 11421 | Lair:2   | Found a staircase to the Swamp.
 11585 | Lair:2   | Reached skill level 5 in Throwing
 11863 | Lair:2   | Found a staircase to the Snake Pit.
 11953 | Lair:2   | Reached skill level 1 in Shields
 13190 | Lair:3   | Found a runed translucent gate.
 13190 | Lair:3   | Found a runed translucent gate.
 13190 | Lair:3   | Found a runed translucent gate.
 13191 | Lair:3   | Found a viscous altar of Jiyva.
 13191 | Lair:3   | Noticed Yjeari's ghost (journeyman GrMo)
 13510 | D:7      | Bought an uncursed ring of protection from fire for 250
                  | gold pieces
 13832 | Lair:4   | Reached skill level 14 in Maces & Flails
 13902 | Lair:4   | Slain by a komodo dragon

Illustrated notes

Levels and vault maps discovered:
D:1:      dpeg_arrival_long_road, layout_basic, minmay_distorted
D:2:      layout_rooms, first_ration
D:3:      layout_loops_ring, minmay_misc_feat_enclosed, uniq_natasha,
          uniq_grinder, uniq_terence
D:4:      layout_gridville, nicolae_overflow_crystal_walls, serial_shops,
          nicolae_shop_stone
D:5:      layout_gridville, ebering_ghost_disaster_area, fedhas_ov_isle_minmay
D:6:      layout_loops_ring, gammafunk_temple_overflow_statue,
          minmay_temple_entry_gardened_gates, uniq_blork_the_orc
D:7:      layout_basic, serial_shops, shop_fountains, shop_scrolls, shop, shop
D:8:      layout_rooms, lemuel_coloured_pillars_altar, marbit_many_paths,
          serial_shops, shop_statue, uniq_psyche, uniq_maurice
D:9:      layout_basic, nicolae_qazlal_general_emergency,
          overflow_temple_1_default, lair_entry_dummy,
          ebering_ghost_disaster_area, the_bakery, brannock_xom_greatest_gift
D:10:     minmay_evil_eye, layout_irregular_city, minmay_misc_feat_doors,
          roderic_nine_men_s_morris, hangedman_tree_tricks,
          kennysheep_generic_room_15
Lair:1:   layout_cave_pods, grunt_megastairs_3
Lair:2:   layout_roguey, swamp_mist_pool, minivault_24
Lair:3:   layout_gridlike, gammafunk_ghost_ooze, infiniplex_staircase_pool
Lair:4:   layout_misc_corridors, basic_altar, minivault_25,
          minmay_stone_trees_small, grunt_forest_stairs_basic, disabler_island

Skill      XL: |  1  2  3  4  5  6  7  8  9 10 11 12 |
---------------+-------------------------------------+-----
Maces & Flails | 3 4 5 6 7 8 9 10 12 13 14 | 14.0
Dodging        | 1 2 3 4 |  4.0
Armour         | 4 5 6 7 8 |  8.0
Invocations    | 4 6 |  6.3
Fighting       | 5 7 8 9 |  9.2
Throwing       | 2 4 6 |  6.0
Evocations     | 1 2 |  2.5
Stealth        | 2 |  2.0
Shields        | 2 |  2.7

Action                   |  1- 3 |  4- 6 |  7- 9 | 10-12 || total
-------------------------+-------+-------+-------+-------++-------
Melee: Mace              |    71 |   177 |   481 |  1191 ||  1920
       Flail             |       |       |       |    16 ||    16
Throw: Stone             |     4 |     6 |    12 |     1 ||    23
       Boomerang         |       |       |    10 |    17 ||    27
       Throwing net      |       |       |     2 |       ||     2
       Dart              |       |       |       |    48 ||    48
Invok: Depart the Abyss  |     1 |       |       |       ||     1
Evoke: Wand              |       |       |     2 |    15 ||    17
  Use: Scroll            |     4 |     9 |     8 |     5 ||    26
       Potion            |       |     4 |     1 |     3 ||     8
 Stab: Held in net/web   |       |       |     1 |       ||     1
  Eat: Chunk             |     1 |     6 |    13 |    20 ||    40
       Ration            |       |       |       |     4 ||     4
Armor: Leather armour    |    25 |       |       |       ||    25
       Ring mail         |     5 |   104 |   220 |   575 ||   904
Dodge: Dodged            |    47 |   116 |   276 |   608 ||  1047
